 Dungeon Crawl Stone Soup version 0.15-a0-53-g5e01d95 (webtiles) character file.

204 BestPrincess the Magician (level 4, -6/24 HPs)
             Began as a Deep Elf Conjurer on Apr 3, 2014.
             Mangled by sohrabkorkchi's ghost (12 damage)
             ... on Level 3 of the Dungeon on Apr 4, 2014.
             The game lasted 00:07:02 (1781 turns).

BestPrincess the Magician (Deep Elf Conjurer)       Turns: 1781, Time: 00:07:02

HP  -6/24        AC  2     Str  5      XL: 4   Next: 22%
MP   2/17        EV 13     Int 21      God:
Gold 121         SH  0     Dex 15      Spells:  2 memorised, 11 levels left

rFire  . . .     SeeInvis .     (no weapon)
rCold  . . .     Clarity  .     a - +0 robe
rNeg   . . .     Conserve .     (no shield)
rPois  .         rCorr    .     (no helmet)
rElec  .         rRot     .     (no cloak)
SustAb . .       Spirit   .     (no gloves)
rMut   .         Warding  .     (no boots)
Saprov . . .     Stasis   .     (no amulet)
MR     .....                    (no ring)
                                (no ring)

@: not resistant to hostile enchantments, fairly stealthy
A: no striking features
a: no special abilities


You were on level 3 of the Dungeon.
You were hungry.

You visited 1 branch of the dungeon, and saw 3 of its levels.

You collected 121 gold pieces.

Inventory:

Armour
 a - a +0 robe (worn)
Comestibles
 b - a bread ration
 f - a choko
Scrolls
 d - 5 scrolls of identify {unknown}
 j - 2 scrolls of remove curse {unknown}
 m - a scroll of teleportation {unknown}
Jewellery
 l - a cursed -2 ring of protection {unknown}
Potions
 e - 3 potions of curing
 g - 3 potions of agility {unknown}
 h - a potion of lignification {unknown}
 i - a potion of haste {unknown}
 k - a potion of restore abilities {unknown}
 n - a potion of magic {unknown}
 o - 2 potions of poison {unknown}
Books
 c - a book of Conjurations

   Spells                             Type                      Level
   *Magic Dart                        Conjuration                  1
   *Searing Ray                       Conjuration                  2
   Dazzling Spray                     Conjuration/Hexes            3
   Fulminant Prism                    Conjuration/Hexes            4
   Iskenderun's Mystic Blast          Conjuration                  4
   Iskenderun's Battlesphere          Conjuration/Charms           5


   Skills:
 - Level 2.4 Dodging
 - Level 2.4 Stealth
 + Level 5.5 Spellcasting
 - Level 5.0 Conjurations


You had 11 spell levels left.
You knew the following spells:

 Your Spells              Type           Power        Failure   Level  Hunger
a - Magic Dart            Conj           ####         1%          1    None
b - Searing Ray           Conj           ####..       1%          2    None


Dungeon Overview and Level Annotations

Branches:
Dungeon (3/15)

Altars:
Kikubaaqudgha
The Shining One

Annotations:
D:2 Sigmund
D:3 sohrabkorkchi's ghost, average LOFi


Message History

* * * LOW HITPOINT WARNING * * *
Drink which item? (? for menu, Esc to quit)
You feel better. Sohrabkorkchi's ghost misses you.
Casting: Searing Ray
Confirm with . or Enter, or press ? or * to list all spells.
Aiming: Searing Ray
Press: ? - help, Shift-Dir - straight line, f/p - sohrabkorkchi's ghost
Aim: sohrabkorkchi's ghost (severely damaged)
The searing ray hits sohrabkorkchi's ghost.
Sohrabkorkchi's ghost is severely damaged.
Sohrabkorkchi's ghost hits you.
* * * LOW HITPOINT WARNING * * *
You hit sohrabkorkchi's ghost but do no damage.
Sohrabkorkchi's ghost is severely damaged.
Sohrabkorkchi's ghost barely misses you.
You barely miss sohrabkorkchi's ghost.
Sohrabkorkchi's ghost is severely damaged.
Sohrabkorkchi's ghost hits you!
Ouch! That really hurt!
You die...

# #.#..######.
####.#......
#.#......
#######.##.#..>...
#.......##........
#.### ###......
#.#.# #......
#p#.# #......
#@..# #######
###.# ## #.#### #.
#....# ##'
####.#### ###..
#.......# ##.'..
#.......###..#..
#...........##..
#.......######..


You could see sohrabkorkchi's ghost.

Vanquished Creatures
  Terence (D:2)
  2 adders (D:2)
  A worm (D:2)
  2 giant cockroaches
  8 goblins
  6 hobgoblins
  A quokka (D:2)
  5 bats
  3 giant geckos
  3 giant newts
  6 kobolds
  9 rats
47 creatures vanquished.

Notes
Turn   | Place    | Note
--------------------------------------------------------------
     0 | D:1      | BestPrincess, the Deep Elf Conjurer, began the quest for the Orb.
     0 | D:1      | Reached XP level 1. HP: 10/10 MP: 5/5
     0 | D:1      | Upgraded the game from 0.15-a0-39-g424acf8 to 0.15-a0-53-g5e01d95
   240 | D:1      | Reached XP level 2. HP: 15/15 MP: 4/8
   335 | D:1      | Learned a level 2 spell: Searing Ray
   543 | D:1      | Reached skill level 5 in Conjurations
   889 | D:2      | Reached XP level 3. HP: 19/19 MP: 8/12
  1028 | D:2      | Noticed Sigmund
  1157 | D:2      | Found a glowing golden altar of the Shining One.
  1276 | D:2      | Noticed Terence
  1283 | D:2      | Killed Terence
  1283 | D:2      | Reached skill level 5 in Spellcasting
  1379 | D:2      | Found an ancient bone altar of Kikubaaqudgha.
  1388 | D:2      | Reached XP level 4. HP: 13/24 MP: 15/17
  1761 | D:3      | Noticed sohrabkorkchi's ghost (average LOFi)
  1772 | D:3      | HP: 1/24 [sohrabkorkchi's ghost (16)]
  1781 | D:3      | Mangled by sohrabkorkchi's ghost

Action                   |  1- 3 |  4- 6 || total
-------------------------+-------+-------++-------
Melee: Unarmed           |       |     2 ||     2
 Cast: Magic Dart        |    63 |    14 ||    77
       Searing Ray       |     5 |     5 ||    10
  Use: Potion            |       |     2 ||     2
